 Dungeon Crawl Stone Soup version 0.31-a0-1237-gabc64e778c (webtiles) character file.

Game seed: 18395149308035482508

202808 mandarbmax the Swashbuckler (level 18, -2/86 HPs)
             Began as a Vine Stalker Fighter on Dec 16, 2023.
             Was the Champion of Hepliaklqana.
             Slain by a deep elf knight
             ... wielding a +1 long sword of holy wrath
              (8 damage)
             ... on level 2 of the Elven Halls on Dec 17, 2023.
             The game lasted 01:48:53 (25738 turns).

mandarbmax the Swashbuckler (Vine Stalker Fighter) Turns: 25738, Time: 01:48:54

Health: -2/86      AC: 33    Str: 26    XL:     18   Next: 59%
Magic:  0/25       EV: 14    Int:  8    God:    Hepliaklqana [******]
Gold:   1485       SH: 22    Dex: 29    Spells: 17/17 levels left

rFire   . . .        Y - +6 rapier (spect)
rCold   x . .        t - +0 tower shield
rNeg    + . .        Z - +4 plate armour of Peek-a-Boo {rElec rPois rC- Dex+5}
rPois   +            r - +4 helmet "Keongyr" {Str+6}
rElec   +            L - +2 cloak
rCorr   .            i - +2 pair of gloves
SInv    .            X - +1 pair of boots
Will    ++...        q - amulet of regeneration
Stlth   +            R - +4 ring of slaying
HPRegen 1.94/turn    j - ring "Caotyisk" {rN+ Dex+3}
MPRegen 0.19/turn

%: guardian spirit
@: about to teleport, studying Ice Magic
A: reduced essence, fangs 3, regeneration 1, magic shield, antimagic bite, no
potion heal 2
}: 1/15 runes: decaying
a: Renounce Religion, Recall Ancestor, Ancestor Identity, Transference, Idealise


You were on level 2 of the Elven Halls.
You worshipped Hepliaklqana.
Hepliaklqana was exalted by your worship.
You visited 6 branches of the dungeon, and saw 29 of its levels.
You visited the Abyss 1 time.
You also visited: Ice Cave.

You collected 3416 gold pieces.
You spent 1931 gold pieces at shops.

Inventory:

Hand Weapons
 Y - a +6 spectral rapier (weapon)
Missiles
 e - 6 curare-tipped darts
 H - 16 darts of dispersal
Armour
 i - a +2 pair of gloves (worn)
 r - the +4 helmet "Keongyr" (worn) {Str+6}
   (You acquired it on level 7 of the Dungeon)

   Str+6:     It affects your strength (+6).
 t - a +0 tower shield (worn)
 L - a +2 cloak (worn)
 X - a +1 pair of boots (worn)
 Z - the +4 plate armour of Peek-a-Boo (worn) {rElec rPois rC- Dex+5}
   (You found it on level 5 of the Lair of Beasts)

   Dex+5:     It affects your dexterity (+5).
   rC-:       It makes you vulnerable to cold.
   rElec:     It insulates you from electricity.
   rPois:     It protects you from poison
Jewellery
 h - a ring of protection from cold
 j - the ring "Caotyisk" (right hand) {rN+ Dex+3}
   (You bought it in a shop on level 2 of the Orcish Mines)

   [ring of positive energy]

   Dex+3:     It affects your dexterity (+3).
   rN+:       It protects you from negative energy.
 q - an amulet of regeneration (around neck)
 D - a ring of see invisible
 P - a ring of willpower
 R - a +4 ring of slaying (left hand)
 V - a ring of resist corrosion
Wands
 g - a wand of paralysis (39)
 k - a wand of acid (24)
 A - a wand of iceblast (31)
 C - a wand of polymorph (14)
 K - a wand of digging (31)
 S - a wand of mindburst (13) (quivered)
 T - a wand of flame (29)
Scrolls
 f - a scroll of teleportation
 l - 3 scrolls of silence {unknown}
 n - 4 scrolls of revelation
 o - 5 scrolls of fog
 p - 4 scrolls of vulnerability
 v - 10 scrolls of amnesia
 w - 7 scrolls of noise
 x - a scroll of blinking
 E - 4 scrolls of torment
 I - a scroll of immolation
Potions
 d - 3 potions of might
 m - 7 potions of curing
 s - 5 potions of lignification
 u - 4 potions of attraction
 z - 4 potions of resistance
 B - 2 potions of enlightenment
 F - 5 potions of cancellation
 G - 2 potions of brilliance
 J - 5 potions of heal wounds
 M - 2 potions of mutation
 N - 3 potions of ambrosia
 O - 4 potions of haste
 Q - 5 potions of magic
Miscellaneous
 a - a condenser vane
 b - a lightning rod (4/4)
 W - a phial of floods


   Skills:
 + Level 11.2 Fighting
 - Level 18.0 Short Blades
 - Level 0.4 Throwing
 - Level 10.0 Armour
 - Level 10.0 Dodging
 - Level 10.0 Stealth
 - Level 13.0 Shields
 + Level 8.5 Invocations
 - Level 6.0 Evocations


You had 17 spell levels left.
You didn't know any spells.
Your spell library contained the following spells:

 Spells                   Type           Power      Damage    Failure   Level
 Apportation              Tloc           0%         N/A       100%        1
 Foxfire                  Conj/Fire      0%         2x1d4     100%        1
 Sandblast                Erth           0%         2d4       100%        1
 Jinxbite                 Hex            0%         N/A       100%        2
 Passwall                 Tmut/Erth      0%         N/A       100%        2
 Scorch                   Fire           0%         2d5       100%        2
 Static Discharge         Conj/Air       0%         3-3/arc   100%        2
 Call Canine Familiar     Summ           0%         N/A       100%        3
 Mephitic Cloud           Conj/Pois/Air  0%         N/A       100%        3
 Sigil of Binding         Hex            0%         N/A       100%        3
 Stone Arrow              Conj/Erth      0%         3d7       100%        3
 Tukima's Dance           Hex            0%         N/A       100%        3
 Airstrike                Air            0%         2d(0-16)  100%        4
 Animate Armour           Summ/Erth      0%         N/A       100%        4
 Animate Dead             Necr           0%         N/A       100%        4
 Brom's Barrelling Bould  Conj/Erth      0%         2d3       100%        4
 Dimensional Bullseye     Hex/Tloc       0%         N/A       100%        4
 Flame Wave               Conj/Fire      0%         2d4       100%        4
 Iskenderun's Mystic Bla  Conj/Tloc      0%         2d3       100%        4
 Leda's Liquefaction      Hex/Erth       0%         N/A       100%        4
 Summon Lightning Spire   Summ/Air       0%         N/A       100%        4
 Alistair's Intoxication  Tmut/Pois      0%         N/A       100%        5
 Borgnjor's Vile Clutch   Necr/Erth      0%         N/A       100%        5
 Lee's Rapid Deconstruct  Erth           0%         3d4*      100%        5
 Death Channel            Necr           0%         N/A       100%        6
 Plasma Beam              Fire/Air       0%         2x1d10    100%        6
 Starburst                Conj/Fire      0%         6d3       100%        6
 Summon Cactus Giant      Summ           0%         N/A       100%        6
 Lehudib's Crystal Spear  Conj/Erth      0%         10d2      100%        8


Dungeon Overview and Level Annotations

Branches:
Dungeon (15/15)            Temple (1/1) D:6            Lair (5/5) D:10
  Swamp (4/4) Lair:3       Spider (0/4) Lair:3        Slime (0/5) Lair:4
    Orc (2/2) D:9             Elf (2/3) Orc:2        Vaults (0/5) D:13
 Depths (0/4) D:15          IceCv (visited)

Altars:
Ashenzari
Cheibriados
Dithmenos
Elyvilon
Fedhas
Gozag
Hepliaklqana
Kikubaaqudgha
Makhleb
Nemelex Xobeh
Okawaru
Qazlal
Ru
Sif Muna
Trog
Uskayaw
Vehumet
Wu Jian
Xom
Yredelemnul
Zin
The Shining One

Shops:
D:9 [   D:15 !   Orc:1 [*   Orc:2 :*:*   Elf:1 =:=   Elf:2 *==!

Annotations:
D:8 exclusion: 2 oklob saplings
D:14 exclusion: door


Innate Abilities, Weirdness & Mutations

Your life essence is reduced to manifest your ancestor. (-10% HP)
You have razor-sharp teeth.
Your natural rate of healing is unusually fast.
When hurt, damage is shared between your health and your magic reserves.
Your bite disrupts and absorbs the magic of your enemies.
Potions cannot restore your health.


Message History

The deep elf zephyrmancer points at you and mumbles some strange words.
The bolt of lightning hits you! You resist.
You hear a shout! x2
You hit the +0 trident of holy wrath but do no damage.
You bite the +0 trident of holy wrath! You drain its power.
You feel invigorated.
The +0 trident of holy wrath is heavily damaged.
Your +6 spectral rapier hits the +0 trident of holy wrath!
You block the +0 trident of holy wrath's attack.
You block the +2 vampiric glaive's attack.
You hear some strange, mumbled words.
A shard of ice appears from out of thin air!
The shard of ice hits you!!
You feel a painful chill!
* * * LOW HITPOINT WARNING * * *
As you read the scroll of teleportation, it crumbles to dust.
You feel strangely unstable.
Your +6 spectral rapier disappears.
The +0 trident of holy wrath hits you!
* * * LOW HITPOINT WARNING * * *
A +3 heavy war axe comes into view.
Something hits you but does no damage.
The +2 vampiric glaive closely misses you.
You block the +0 trident of holy wrath's attack.
The deep elf zephyrmancer points at you and mumbles some strange words.
The bolt of lightning misses you.
Unknown command.
You hit the +0 trident of holy wrath. You bite the +0 trident of holy wrath!
You drain its power.
You feel invigorated.
The +0 trident of holy wrath is almost destroyed.
Your +6 spectral rapier hits the +0 trident of holy wrath!
The +0 trident of holy wrath falls from the air.
Something hits you.
* * * LOW HITPOINT WARNING * * *
You block the +2 vampiric glaive's attack.
Your +6 spectral rapier disappears.
The +2 vampiric glaive attacks as it pursues you!
The +2 vampiric glaive hits you from afar!!
* * * LOW HITPOINT WARNING * * *
Something hits you!
You die...

## ### ##################
##### ##### ##### ####
#...###...## ##...###...##
...#...#...####...#...#...#
..#.....#...##...#.....#...#
.#.......#......#....(..#...
#.........#))..#)........#..
...........#..#.....).....#
............##..@...)).....#
............##.)).(.)......#
...........#..#...).......#.
#.........#....#.........#..
.#.......#......#.......#...
).#.....#........#...e.#....
)..#...#..........#...#.....
)...###.. .........###.....
....# . ....... ....


You could see a deep elf zephyrmancer and 2 dancing weapons.

Vanquished Creatures
  A lich (Abyss:4)
  A deep elf blademaster (Elf:2)
  A thorn hunter (Swamp:4)
  2 tentacled starspawn
  6 fenstrider witches (Swamp:4)
  A frost giant (IceCv)
  A reaper (Swamp:4)
  3 ghouls
  An eleionoma (Lair:3)
  A deep elf annihilator (Elf:1)
  2 bunyips
  A deep elf death mage (Elf:2)
  A fire dragon (D:15)
  11 hydras
  2 shambling mangroves
  An ice dragon (D:15)
  3 ghost crabs
  2 ogre magi
  4 centaur warriors
  8 alligators
  A spriggan skeleton (Abyss:3)
  13 dancing weapons
  A naga warrior (D:14)
  2 two-headed ogres
  3 occultists (Swamp:4)
  3 boulder beetles
  4 orc high priests
  10 death yaks
  A tengu warrior (D:15)
  Urug (Orc:2)
  3 thrashing horrors (Abyss:4)
  A sixfirhy (Swamp:4)
  2 soul eaters (Swamp:4)
  9 deep elf knights
  A skyshark (Lair:5)
  2 wretched stars
  A pharaoh ant (Lair:2)
  4 goliath frogs
  A spatial maelstrom (Abyss:3)
  A death drake (Swamp:4)
  6 deep elf archers
  An arcanist (Swamp:4)
  9 spriggan druids
  3 swamp dragons
  3 bog bodies
  10 orc knights
  21 deep elf pyromancers
  5 starcursed masses
  21 deep elf zephyrmancers
  6 cyclopes
  An orc sorcerer (Orc:2)
  An oklob plant (Lair:2)
  2 ugly things
  3 manticores (D:15)
  2 large abominations (Abyss:4)
  8 will-o-the-wisps
  An elephant (Lair:5)
  A black mamba (shapeshifter) (D:14)
  5 kobold blastminers
  2 black mambas
  An ice statue (IceCv)
  4 smoke demons
  5 orange demons
  2 torpor snails
  An efreet (D:14)
  2 rime drakes
  17 cane toads
  6 komodo dragons
  A bloated husk (Swamp:2)
  16 polar bears
  11 hornets
  7 tyrant leeches
  2 hellwings (Swamp:4)
  A troll (shapeshifter) (D:14)
  4 trolls
  24 blink frogs
  5 dream sheep (Lair:4)
  4 air elementals
  A jumping spider (Lair:3)
  A wraith (D:12)
  99 yaks
  11 spriggans
  5 wyverns
  3 water elementals
  4 basilisks
  A steam dragon (D:9)
  2 fire elementals (Elf:1)
  2 neqoxecs
  3 chaos spawn (Swamp:4)
  18 vampire mosquitoes
  Menkaure (D:7)
  3 spatial vortices (Abyss:3)
  16 swamp worms
  4 wargs
  11 water moccasins
  5 ice beasts
  20 orc warriors
  3 black bears
  36 wolves
  5 ogres
  A boggart (D:13)
  15 centaurs
  A phantom (D:7)
  3 kobold brigands
  18 bullfrogs
  A gnoll sergeant (D:12)
  5 scorpions
  4 small abominations
  2 necrophages (Swamp:3)
  3 earth elementals
  A wight (D:7)
  6 electric eels
  3 howler monkeys
  A crimson imp (Abyss:3)
  A jelly (D:6)
  7 hounds
  13 orc priests
  2 gnoll boudas (D:8)
  An iron imp (Abyss:3)
  An iguana (D:4)
  Terence (D:3)
  4 sleepcaps
  19 orc wizards
  16 gnolls
  5 adders
  A shadow imp (D:6)
  12 white imps
  5 worms
  2 dart slugs (D:3)
  40 orcs
  2 bats
  8 endoplasms
  3 giant cockroaches (D:1)
  7 hobgoblins
  8 jackals
  4 quokkas
  10 ball pythons
  2 frilled lizards
  4 goblins
  14 kobolds
  6 rats
857 creatures vanquished.

Vanquished Creatures (collateral kills)
  A fenstrider witch (Swamp:4)
  An eleionoma (Swamp:4)
  A blizzard demon (Swamp:4)
  A hydra (D:13)
  An alligator (Swamp:1)
  A centaur warrior (D:15)
  A boulder beetle (D:11)
  A two-headed ogre (D:9)
  A dancing weapon (Elf:2)
  4 death yaks
  An occultist (Swamp:4)
  A deep elf knight (Elf:2)
  A goliath frog (Swamp:1)
  4 cyclopes
  An orc sorcerer (Orc:2)
  A manticore (D:15)
  5 elephants (Lair:5)
  3 cane toads
  A komodo dragon (Lair:2)
  8 blink frogs
  A tarantella (Lair:2)
  A tyrant leech (Swamp:4)
  2 hornets
  2 spriggans
  14 yaks
  A vampire (D:11)
  A vampire mosquito (Swamp:3)
  A chaos spawn (Abyss:4)
  A swamp worm (Swamp:2)
  A small abomination (Abyss:3)
  2 water moccasins (D:8)
  2 orc warriors
  An ogre (Orc:2)
  5 wolves
  2 bullfrogs
  2 howler monkeys
  3 electric eels
  A hound (D:10)
  A gnoll bouda (D:9)
  3 orc wizards
  2 adders (D:8)
  2 gnolls (D:9)
  A white imp (Orc:1)
  3 orcs
  2 ball pythons (D:8)
96 creatures vanquished.

Vanquished Creatures (others)
  A bog body (Swamp:2)
  4 bloated husks
  2 vampire mosquitoes (Swamp:3)
  A swamp worm (Swamp:3)
  20 hexers
  An orc wizard (D:4)
  An ancestor (D:8)
  16 foxfires
  6 spectral weapons
  2 starspawn tentacles (Abyss:3)
54 creatures vanquished.

Grand Total: 1007 creatures vanquished

Notes
Turn   | Place    | Note
-------+----------+-------------------------------------------
     0 | D:1      | mandarbmax the Vine Stalker Fighter began the quest for the
                  | Orb.
     0 | D:1      | Reached XP level 1. HP: 11/11 MP: 2/2
   154 | D:1      | Reached skill level 2 in Short Blades
   214 | D:1      | Reached XP level 2. HP: 16/16 MP: 3/3
   809 | D:2      | Reached XP level 3. HP: 19/19 MP: 4/4
  1591 | D:3      | Reached XP level 4. HP: 24/24 MP: 5/5
  1652 | D:3      | Reached skill level 3 in Short Blades
  1669 | D:3      | Noticed Terence
  1676 | D:3      | Killed Terence
  2418 | D:4      | Noticed a scorpion
  2430 | D:4      | Killed a scorpion
  2431 | D:4      | Reached skill level 4 in Short Blades
  2431 | D:4      | Reached XP level 5. HP: 25/28 MP: 6/6
  2556 | D:4      | Reached XP level 6. HP: 32/32 MP: 7/7
  2574 | D:4      | Reached skill level 5 in Short Blades
  2839 | D:5      | Entered Level 5 of the Dungeon
  2853 | D:5      | Reached skill level 6 in Short Blades
  2853 | D:5      | Reached XP level 7. HP: 10/36 MP: 5/8
  3044 | D:5      | Reached skill level 7 in Short Blades
  3065 | D:5      | Found a white marble altar of Elyvilon.
  3238 | D:5      | Found a shimmering blue altar of Sif Muna.
  3565 | D:6      | Reached skill level 8 in Short Blades
  3565 | D:6      | Gained mutation: You have razor-sharp teeth. [Vine Stalker
                  | growth]
  3565 | D:6      | Reached XP level 8. HP: 15/40 MP: 1/9
  3693 | D:6      | Found a staircase to the Ecumenical Temple.
  3710 | Temple   | Entered the Ecumenical Temple
  3737 | Temple   | Became a worshipper of Hepliaklqana the Forgotten
  3787 | D:6      | Reached skill level 9 in Short Blades
  4149 | D:6      | Found a hide-covered altar of Uskayaw.
  4316 | D:7      | Reached skill level 10 in Short Blades
  4316 | D:7      | Reached XP level 9. HP: 16/44 MP: 6/10
  4442 | D:7      | Noticed Menkaure
  4449 | D:7      | Killed Menkaure
  4495 | D:7      | Noticed a troll
  4497 | D:7      | Identified a scroll of acquirement
  4516 | D:7      | Acquired the +4 helmet "Keongyr" {Str+6}
  4738 | D:7      | Reached skill level 11 in Short Blades
  4821 | D:7      | Reached * piety under Hepliaklqana
  4822 | D:7      | Found a stormy altar of Qazlal.
  5629 | D:8      | Noticed a hornet
  5641 | D:8      | Paralysed by a hornet for 3 turns
  5649 | D:8      | Killed a hornet
  5650 | D:8      | Reached skill level 12 in Short Blades
  5827 | D:8      | Reached XP level 10. HP: 17/44 MP: 4/11
  5957 | D:8      | Reached ** piety under Hepliaklqana
  5958 | D:8      | Remembered your ancestor Zulima as a hexer
  6216 | D:9      | Noticed a two-headed ogre
  6223 | D:9      | Killed a two-headed ogre
  6224 | D:9      | Reached skill level 13 in Short Blades
  6259 | D:9      | Found a staircase to the Orcish Mines.
  6261 | D:9      | Found Usuimizie's Armour Emporium.
  6324 | D:9      | Bought the +2 leather armour of Lucummuufosh {+Blink} for
                  | 442 gold pieces
  6324 | D:9      | Bought a +1 cloak for 195 gold pieces
  6567 | D:9      | Reached skill level 1 in Dodging
  6665 | D:9      | Identified the +0 robe "Zoyriyvu" {Int+3 SInv}
  6953 | D:9      | Reached *** piety under Hepliaklqana
  7161 | D:10     | Entered Level 10 of the Dungeon
  7243 | D:10     | Found a sparkling altar of Nemelex Xobeh.
  7315 | D:10     | Reached skill level 1 in Invocations
  7421 | D:10     | Found a staircase to the Lair.
  7504 | D:10     | Found a bloodstained altar of Trog.
  7521 | D:10     | Reached XP level 11. HP: 46/46 MP: 13/13
  7835 | D:10     | Found a shimmering altar of Xom.
  7838 | D:10     | Found a radiant altar of Vehumet.
  7838 | D:10     | Found a stormy altar of Qazlal.
  7840 | D:10     | Found a broken altar of Ashenzari.
  7840 | D:10     | Found a shimmering altar of Xom.
  7840 | D:10     | Found an ancient bone altar of Kikubaaqudgha.
  7852 | D:10     | Reached skill level 14 in Short Blades
  7956 | D:11     | Noticed a cyclops
  8009 | D:11     | Killed a cyclops
  8112 | D:11     | Noticed a cyclops
  8113 | D:11     | Noticed a cyclops
  8124 | D:11     | Killed a cyclops
  8131 | D:11     | Killed a cyclops
  8138 | D:11     | Noticed a cyclops
  8147 | D:11     | Killed a cyclops
  8157 | D:11     | Noticed a centaur warrior
  8178 | D:11     | Killed a centaur warrior
  8229 | D:11     | Noticed an orc knight
  8241 | D:11     | Killed an orc knight
  8264 | D:11     | Noticed a cyclops
  8275 | D:11     | Killed a cyclops
  8276 | D:11     | Reached skill level 5 in Invocations
  8276 | D:11     | Noticed a boulder beetle
  8297 | D:11     | Killed a boulder beetle
  8298 | D:11     | Reached skill level 15 in Short Blades
  8338 | D:11     | Noticed a cyclops
  8347 | D:11     | Killed a cyclops
  8445 | D:11     | Reached **** piety under Hepliaklqana
  8883 | D:12     | Found an opulent altar of Gozag.
  9401 | D:13     | Noticed a deep elf pyromancer
  9473 | D:13     | Killed a deep elf pyromancer
  9478 | D:13     | Noticed a brown ugly thing
  9585 | D:13     | Killed a brown ugly thing
  9586 | D:13     | Reached XP level 12. HP: 31/50 MP: 11/16
  9717 | D:13     | Noticed a five-headed hydra
  9721 | D:13     | Noticed a boulder beetle
  9726 | D:13     | Killed a five-headed hydra
  9727 | D:13     | Reached skill level 16 in Short Blades
  9826 | Lair:1   | Entered Level 1 of the Lair of Beasts
 10181 | Lair:1   | Reached skill level 17 in Short Blades
 10308 | Lair:1   | Reached ***** piety under Hepliaklqana
 10642 | Lair:2   | Found a shadowy altar of Dithmenos.
 11107 | Lair:2   | Reached skill level 18 in Short Blades
 11107 | Lair:2   | Reached XP level 13. HP: 52/54 MP: 15/17
 11377 | Lair:2   | Reached skill level 1 in Evocations
 11761 | Lair:3   | Found a staircase to the Swamp.
 11761 | Lair:3   | Noticed an eleionoma
 11784 | Lair:3   | Killed an eleionoma
 11798 | Lair:2   | HP: 2/54 [komodo dragon (6)]
 12098 | Lair:3   | You fall into a shaft and drop 2 floors!
 12098 | Lair:5   | Entered Level 5 of the Lair of Beasts
 12132 | Lair:5   | Reached skill level 5 in Dodging
 12398 | Lair:5   | Reached skill level 5 in Shields
 12402 | Lair:5   | Reached skill level 5 in Fighting
 12569 | Lair:4   | Found a staircase to the Slime Pits.
 12628 | Lair:4   | Reached XP level 14. HP: 61/61 MP: 16/18
 12632 | Lair:4   | Reached skill level 5 in Armour
 13123 | Lair:3   | Found a hole to the Spider Nest.
 13545 | Lair:3   | Reached skill level 5 in Evocations
 14248 | D:13     | Found a gate to the Vaults.
 14562 | Lair:5   | Got the Papyrus of the Crater
 15060 | Lair:5   | Identified the +3 dagger "Iwnom" {freeze, rElec Str+7}
 15063 | Lair:5   | Identified the +4 plate armour of Peek-a-Boo {rElec rPois
                  | rC- Dex+5}
 15435 | Lair:4   | Reached XP level 15. HP: 12/66 MP: 15/19
 15624 | Lair:5   | Reached ****** piety under Hepliaklqana
 15891 | Orc:1    | Entered Level 1 of the Orcish Mines
 15908 | Orc:1    | Found Meneskenif's Gadget Gallery.
 15942 | Orc:1    | Bought a condenser vane for 520 gold pieces
 16130 | Orc:1    | Found Evu Fauf's Armour Boutique.
 16462 | Orc:1    | Found a frozen archway.
 16487 | IceCv    | Entered an ice cave
 16602 | IceCv    | Identified the staff "Junwuneng" {rElec Str-4 Int+4 Stlth+
                  | Air}
 16634 | IceCv    | Reached skill level 1 in Stealth
 16903 | IceCv    | Noticed a frost giant
 16923 | IceCv    | Killed a frost giant
 16994 | IceCv    | Identified the +7 spear of True Grit {protect, rF++ rN+
                  | rCorr}
 17353 | Orc:2    | Entered Level 2 of the Orcish Mines
 17904 | Orc:2    | Found a staircase to the Elven Halls.
 18005 | Orc:2    | Noticed Urug
 18220 | Orc:2    | Found Vuecy's Book Shoppe.
 18220 | Orc:2    | Found Weipeont's General Store.
 18235 | Orc:2    | Found Dacludwy's Book Shoppe.
 18235 | Orc:2    | Found Feoprasm's General Store.
 18248 | Orc:2    | Bought the ring "Caotyisk" {rN+ Dex+3} for 366 gold pieces
 18289 | Orc:2    | Killed Urug
 19210 | D:14     | Found a large runed translucent door.
 19211 | D:14     | Found a large runed translucent door.
 19412 | D:14     | Found an iron altar of Okawaru.
 19412 | D:14     | Found an iron altar of Okawaru.
 19449 | D:14     | Identified the +7 shortbow "Cemeth" {antimagic, rN+ Str+3
                  | Int+2}
 19518 | D:15     | Entered Level 15 of the Dungeon
 19576 | D:15     | Reached XP level 16. HP: 72/72 MP: 19/21
 19881 | D:15     | Found Ganooj's Distillery.
 19929 | D:15     | Reached skill level 5 in Stealth
 20122 | D:15     | Found a staircase to the Depths.
 20571 | Swamp:1  | Entered Level 1 of the Swamp
 20576 | Swamp:1  | Reached skill level 10 in Shields
 22330 | Swamp:4  | Entered Level 4 of the Swamp
 22457 | Swamp:4  | Reached XP level 17. HP: 72/78 MP: 23/23
 23174 | Swamp:4  | Paralysed by a fenstrider witch for 4 turns
 23239 | Abyss:3  | Found a corrupted altar of Lugonu.
 23239 | Abyss:3  | Cast into level 3 of the Abyss (an occultist)
 23274 | Abyss:3  | Noticed a tentacled starspawn
 23278 | Abyss:3  | Found a corrupted altar of Lugonu.
 23288 | Abyss:3  | Killed a tentacled starspawn
 23289 | Abyss:3  | Found a corrupted altar of Lugonu.
 23289 | Abyss:3  | Found a corrupted altar of Lugonu.
 23524 | Abyss:4  | Noticed a lich
 23526 | Abyss:4  | Noticed a tentacled starspawn
 23538 | Abyss:4  | Killed a lich
 23563 | Abyss:4  | Killed a tentacled starspawn
 23604 | Swamp:4  | Escaped the Abyss
 23802 | Swamp:4  | Got a decaying rune of Zot
 24102 | Elf:1    | Entered Level 1 of the Elven Halls
 24104 | Elf:1    | Paralysed by an air elemental for 1 turns
 24119 | Elf:1    | Reached skill level 10 in Fighting
 24170 | Elf:1    | Paralysed by an air elemental for 1 turns
 24288 | Elf:1    | Identified the +6 sling of Wemimeo {heavy, rElec Str+2}
 24392 | Elf:1    | Reached XP level 18. HP: 83/83 MP: 25/25
 24604 | Elf:1    | Found Ziogeup's Jewellery Shop.
 24604 | Elf:1    | Found Kaapoyxza's Book Emporium.
 24605 | Elf:1    | Found Wejar's Jewellery Shop.
 24823 | Elf:1    | Got the Annotations on the Shot
 24960 | Elf:2    | Reached skill level 10 in Stealth
 24996 | Elf:2    | Paralysed by an air elemental for 1 turns
 25011 | Elf:2    | Found Umisuzxy's General Store.
 25021 | Elf:2    | Found Exkuy's Jewellery Emporium.
 25021 | Elf:2    | Found Xuseost's Jewellery Shoppe.
 25025 | Elf:2    | Found Amepri's Distillery.
 25053 | Elf:2    | Bought a potion of resistance for 120 gold pieces
 25053 | Elf:2    | Bought 2 potions of magic for 192 gold pieces
 25053 | Elf:2    | Bought a potion of cancellation for 96 gold pieces
 25109 | Elf:2    | Found a runed translucent gate.
 25119 | Elf:2    | Found a runed translucent gate.
 25123 | Elf:2    | Found a runed translucent gate.
 25278 | Elf:2    | Paralysed by an air elemental for 1 turns
 25284 | Elf:2    | Reached skill level 10 in Dodging
 25620 | Elf:2    | Noticed a deep elf blademaster
 25637 | Elf:2    | Killed a deep elf blademaster
 25638 | Elf:2    | Reached skill level 10 in Armour
 25738 | Elf:2    | Slain by a deep elf knight

Illustrated notes

Levels and vault maps discovered:
D:1:      lightli_arrival_chessboard, layout_basic, minmay_pentomino_t4
D:2:      layout_basic
D:3:      layout_loops_corners, serial_forest, infiniplex_forest_clump_cross,
          infiniplex_forest_clump_double, infiniplex_forest_end_1,
          infiniplex_forest_clump_long, infiniplex_forest_clump_long,
          infiniplex_forest_lined_1, infiniplex_forest_split,
          infiniplex_forest_lined_corner, infiniplex_forest_zigzag_1,
          uniq_terence
D:4:      layout_rooms
D:5:      layout_rooms, mainiacjoe_overflow_brackets, led_sif_pool,
          hangedman_abyss_or_decor_passed
D:6:      layout_loops_cross, mainiacjoe_overflow_alcove_4, temple_green,
          minmay_unpleasant_kobolds
D:7:      layout_layer_cave, nicolae_qazlal_style_of_elements,
          grunt_decor_fettered, st_stairs_9, nicolae_twisty_statue_hallways,
          uniq_menkaure
D:8:      layout_rooms, introduction_to_nature_2
D:9:      layout_stronghold, orc_david_3
D:10:     layout_roguey, mainiacjoe_overflow_paths, doesnt_xom_only_xom,
          trog_ov_bears_minmay, erik_lair_island
D:11:     layout_irregular_city, kb_rosetta
D:12:     layout_basic, grunt_gozag_statues
D:13:     kennysheep_big_flooded_room, layout_cave_pools, david_vaults_4
D:14:     okawaru_arena_lexackson, layout_basic
D:15:     grunt_enter_depths_hoard, layout_irregular_city, minmay_misc_feat_x,
          serial_shops, nicolae_shop_industrial_runoff
Temple:   regret_index_temple_generic_petals
Lair:1:   layout_hall_layers, serial_forest, infiniplex_forest_straight_4,
          infiniplex_forest_lined_corner, infiniplex_forest_zigzag_1,
          infiniplex_forest_lined_corner, infiniplex_forest_fountain,
          infiniplex_forest_lined_4_way, infiniplex_forest_clump_long,
          lemuel_fruit_tree
Lair:2:   layout_cave_pods, lemuel_oklob_altar
Lair:3:   layout_gridlike, alex1729_swamp_entry_worm_eleionoma,
          nicolae_spider_entry_lesser_pyramids, grunt_megastairs_3,
          serial_bayou_shore_b, serial_bayou_shore_a, infiniplex_staircase_pool
Lair:4:   layout_misc_corridors, slime_entry_1, serial_bayou_shore_b
Lair:5:   minmay_lair_end_frog_pond, layout_cave_shapes,
          grunt_forest_large_clearings
Swamp:1:  layout_falls_marsh, evilmike_swamp_ruin_house_4, swamp_pool_3
Swamp:2:  layout_basic_swamp, nicolae_swamp_bean_lake
Swamp:3:  layout_falls_marsh, nicolae_swamp_small_spring
Swamp:4:  nzn_swamp_witches_coven, layout_basic_swamp, swamp_pool_1_2,
          nicolae_swamp_little_swirl
Orc:1:    nicolae_orc_accident_3, layout_diamond_mine, serial_shops, shop,
          portal_ice_cave_entry_imps, nicolae_shop_gadgets
Orc:2:    grunt_orc_tribal_feast, layout_caves, basic_altar, uniq_urug
Elf:1:    nicolae_elf_arrival_aired_out, layout_loops_cross,
          minmay_elf_annihilation, minmay_shop_grove
Elf:2:    nicolae_elf_blades_splatter_lattice
          [nicolae_blade_entry_floor_patterns], layout_gridlike,
          minmay_shoptagon

Skill      XL: |  1  2  3  4  5  6  7  8  9 10 11 12 13 14 15 16 17 18 |
---------------+-------------------------------------------------------+-----
Short Blades   | 2 4 6 8 10 12 13 15 18 | 18.0
Fighting       | 3 5 6 8 9 10 11 | 11.2
Shields        | 3 5 7 9 11 12 13 | 13.0
Armour         | 3 4 6 7 8 9 10 | 10.0
Dodging        | 3 4 5 6 7 8 9 10 | 10.0
Invocations    | 2 5 6 7 8 |  8.5
Evocations     | 4 5 6 |  6.0
Stealth        | 4 7 9 10 | 10.0
Throwing       | |  0.4

Action                     |  1- 3 |  4- 6 |  7- 9 | 10-12 | 13-15 | 16-18 || total
---------------------------+-------+-------+-------+-------+-------+-------++-------
  Melee: Rapier            |   145 |   135 |   346 |   683 |  1258 |   821 ||  3388
         Bite              |    34 |    37 |   123 |   301 |   576 |   372 ||  1443
  Throw: Boomerang         |     1 |     7 |     8 |       |    12 |     5 ||    33
         Dart              |       |       |       |    26 |       |       ||    26
         Javelin           |       |       |       |       |     7 |       ||     7
 Invoke: Ancestor Life: He |       |       |       |     1 |       |       ||     1
         Recall Ancestor   |       |       |       |     3 |     3 |     5 ||    11
         Idealise          |       |       |       |       |     5 |     1 ||     6
         Transference      |       |       |       |       |     1 |     1 ||     2
  Evoke: Wand              |       |       |       |     2 |     2 |       ||     4
         Condenser vane    |       |       |       |       |     1 |       ||     1
    Use: Potion            |       |       |     2 |     2 |     3 |     4 ||    11
         Scroll            |       |       |    14 |     8 |    19 |     6 ||    47
   Stab: Confused          |       |       |       |    15 |    27 |    11 ||    53
         Distracted        |       |       |       |    14 |    36 |    35 ||    85
         Paralysed         |       |       |       |       |    19 |    25 ||    44
 Armour: Scale mail        |    79 |    94 |   240 |   337 |   421 |       ||  1171
         Plate armour      |       |       |       |       |   170 |   471 ||   641
  Dodge: Dodged            |    57 |    48 |   124 |   213 |   452 |   251 ||  1145
  Block: Buckler           |    30 |    26 |    74 |   102 |   258 |   181 ||   671
         Tower shield      |       |       |       |       |       |   116 ||   116

Table legend: (Time is in decaauts)
 A = Elapsed time spent in this place.
 B = Non-inter-level travel time spent in this place.
 C = Inter-level travel time spent in this place.
 D = Time resting spent in this place.
 E = Time spent auto-exploring this place.
 F = Levels seen in this place.
 G = Mean time per level.
                   A        B        C        D        E       F      G
               +--------+--------+--------+--------+--------+-----+--------+
         Total |  24842 |  22951 |   1891 |   1426 |  15739 |  32 |  776.3 |
       Dungeon |  12485 |  11529 |    956 |    477 |   8881 |  15 |  832.3 |
        Temple |     49 |      6 |     43 |      0 |      4 |   1 |   49.0 |
          Lair |   5078 |   4605 |    473 |    520 |   2847 |   5 | 1015.6 |
         Swamp |   3004 |   2824 |    180 |    416 |   1499 |   4 |  751.0 |
  Orcish Mines |   1659 |   1473 |    186 |      0 |   1074 |   2 |  829.5 |
   Elven Halls |   1546 |   1494 |     52 |     13 |   1056 |   2 |  773.0 |
         Abyss |    313 |    313 |      0 |      0 |      0 |   2 |  156.5 |
      Ice Cave |    705 |    705 |      0 |      0 |    377 |   1 |  705.0 |
               +--------+--------+--------+--------+--------+-----+--------+

Top non-repeatable levels by time:
  Lair:2: 1494 daAuts
  Lair:5: 1398 daAuts
     D:7: 1237 daAuts
 Swamp:4: 1194 daAuts
    D:14: 1194 daAuts
    D:10: 1090 daAuts
     D:9: 984 daAuts
     D:3: 935 daAuts
   Orc:2: 927 daAuts
    D:11: 924 daAuts
  Lair:3: 896 daAuts
    D:12: 838 daAuts
     D:6: 786 daAuts
     D:1: 779 daAuts
   Elf:1: 779 daAuts
